 Dungeon Crawl Stone Soup version 0.18-a0-1702-gd20c6a5 (webtiles) character file.

9702 Snazznasty the Grappler (level 11, -2/96 HPs)
             Began as a Troll Monk on Apr 6, 2016.
             Slain by a seven-headed hydra (6 damage)
             ... on level 1 of the Lair of Beasts.
             The game lasted 00:57:04 (9933 turns).

Snazznasty the Grappler (Troll Monk)                Turns: 9933, Time: 00:57:04

Health: -2/96      AC: 11    Str: 23 (26) XL:     11   Next: 26%
Magic:  10/10      EV: 14    Int:  8 (9)  God:
Gold:   282        SH:  0    Dex: 10 (12) Spells: 0 memorised, 10 levels left

rFire  . . .     SeeInvis .       - Unarmed
rCold  . . .     Gourm    +     v - +2 troll leather armour {Purgy}
rNeg   . . .     Faith    .     (no shield)
rPois  .         Spirit   .     (helmet restricted)
rElec  .         Dismiss  .     (no cloak)
rCorr  .         Reflect  .     (gloves unavailable)
SustAt .         Harm     .     (boots unavailable)
MR     +....                    (no amulet)
Stlth  ..........               I - ring of Waoluf Bocu {MR+ Int+3}
                                i - +3 ring of evasion

@: silence, somewhat resistant to hostile enchantments, extremely unstealthy
A: unfitting armour, claws 3, horns 1, fast metabolism 3, frail 1, gourmand,
regeneration 2, shaggy fur 2, strong 1, tough skin 2
a: no special abilities


You were on level 1 of the Lair of Beasts.
You were not hungry.

You visited 3 branches of the dungeon, and saw 12 of its levels.
You also visited: Sewer and Ossuary.

You collected 452 gold pieces.
You spent 170 gold pieces at shops.

Inventory:

Hand Weapons
 j - a +4 quarterstaff of chaos
 n - a +0 dagger of speed
 s - a +1 dagger of venom
 x - a +1 dagger of venom
 A - a +0 hunting sling of evasion
 P - a +0 mace of draining
 T - a cursed +1 scimitar
 V - a +0 vampiric falchion
 X - a +1 whip of flaming
 Z - a +0 quarterstaff of draining
Armour
 k - a +0 cloak
 v - a +2 troll leather armour (worn) {Purgy}
 Y - a +0 robe
Magical Staves
 F - an uncursed staff of cold {unknown}
 J - an uncursed staff of poison {unknown}
Jewellery
 c - an uncursed ring of fire
 i - a +3 ring of evasion (left claw)
 z - an uncursed ring of protection from cold
 B - an uncursed ring of see invisible
 D - an uncursed amulet of harm
 G - an uncursed ring of ice
 I - the ring of Waoluf Bocu (right claw) {MR+ Int+3}
   (You found it on level 6 of the Dungeon)

   [ring of protection from magic]

   It affects your intelligence (+3).
   It affects your resistance to hostile enchantments.
Wands
 M - a wand of acid (9/15)
 R - a wand of paralysis (13/24)
Scrolls
 a - 2 scrolls of remove curse
 g - 3 scrolls of teleportation
 p - a scroll of amnesia
 r - a scroll of identify
Potions
 d - 4 potions of agility
 e - a potion of lignification {unknown}
 h - 5 potions of flight
 l - 4 potions of degeneration
 w - a potion of invisibility {unknown}
 E - a potion of haste {unknown}
 H - a potion of might {unknown}
 L - a potion of curing {unknown}
 O - a potion of resistance {unknown}
 Q - a potion of ambrosia {unknown}
Books
 f - a book of Frost

   Spells                             Type                      Level
   a - Freeze                         Ice                          1
   b - Throw Frost                    Conjuration/Ice              2
   c - Ozocubu's Armour               Charms/Ice                   3
   d - Throw Icicle                   Conjuration/Ice              4
   e - Summon Ice Beast               Ice/Summoning                4
 m - a book of the Dragon

   Spells                             Type                      Level
   a - Flame Tongue                   Conjuration/Fire             1
   b - Cause Fear                     Hexes                        4
   c - Bolt of Fire                   Conjuration/Fire             6
   d - Dragon Form                    Transmutation                7
   e - Dragon's Call                  Summoning                    9
 W - a book of Power

   Spells                             Type                      Level
   a - Fulminant Prism                Conjuration/Hexes            4
   b - Iskenderun's Mystic Blast      Conjuration                  4
   c - Venom Bolt                     Conjuration/Poison           5
   d - Bolt of Magma                  Conjuration/Fire/Earth       5
   e - Iron Shot                      Conjuration/Earth            6
   f - Orb of Destruction             Conjuration                  7
   g - Spellforged Servitor           Conjuration/Summoning        7
Miscellaneous
 K - a plain deck of wonders {drawn: 1}
Comestibles
 b - 3 bread rations
 q - 3 meat rations
 t - a royal jelly


   Skills:
 + Level 6.7 Fighting
 * Level 5.8 Armour
 - Level 5.7 Dodging
 - Level 1.4 Stealth
 * Level 13.1 Unarmed Combat
 + Level 0.1 Evocations


You had 10 spell levels left.
You didn't know any spells.

Dungeon Overview and Level Annotations

Branches:
Dungeon (10/15)            Temple (1/1) D:7            Lair (1/8) D:10
    Orc: D:9-12

Altars:
Ashenzari
Cheibriados
Dithmenos
Elyvilon
Fedhas
Gozag
Kikubaaqudgha
Makhleb
Nemelex Xobeh
Okawaru
Pakellas
Qazlal
Ru
Sif Muna
Trog
Vehumet
Xom
Yredelemnul
Zin
The Shining One

Shops:
D:5 !   D:7 *   D:9 *

Annotations:
D:7 4 runed doors


Innate Abilities, Weirdness & Mutations

You are too large for most types of armour.
You have claws for hands.
Your metabolism is lightning-fast.
You like to eat raw meat.
You heal very quickly.
You are covered in thick fur (AC +2).
You have very tough skin (AC +2).
You have a pair of small horns on your head.
You are frail (-10% HP).
Your muscles are strong. (Str +2)


Message History

The seven-headed hydra misses you. The seven-headed hydra bites you.
* * * LOW HITPOINT WARNING * * *
The seven-headed hydra bites you!
* * * LOW HITPOINT WARNING * * *
The river rat bites you.
* * * LOW HITPOINT WARNING * * *
The river rat misses you.
Drink which item? (? for menu, Esc to quit)
Okay, then.
Read which item? (? for menu, Esc to quit)
Okay, then.
You enter the shallow water.
Moving in this stuff is going to be slow.
The seven-headed hydra closely misses you.
The seven-headed hydra bites you.
* * * LOW HITPOINT WARNING * * *
The seven-headed hydra misses you.
The seven-headed hydra bites you but does no damage.
The seven-headed hydra bites you.
You die...

#......#....#
#...........#
##...........#
#.......#....##
#............#
##......#....##
#......!.....#
#.#.##r.....#
#..≈@#rr....#
#)#≈≈Dl#.....#
#.####.#....##
#......#....#
#...........#
#.....P#....#
#P...........
##.........
#..........


You could see a seven-headed hydra, a basilisk and 3 river rats.

Vanquished Creatures
  Pikel (D:7)
  The ghost of Geeful the Pure, a novice FoAK of Lugonu (D:6)
  Joseph (D:8)
  A gargoyle (D:9)
  2 komodo dragons
  Prince Ribbit (D:8)
  A two-headed ogre (D:9)
  2 yaks
  Menkaure (D:7)
  5 hippogriffs
  2 water moccasins
  Edmund (D:5)
  Duvessa (D:7)
  Purgy (Sewer)
  4 ice beasts
  5 orc warriors
  2 phantoms
  7 ogres
  A necrophage (D:9)
  5 centaurs
  A big kobold (D:7)
  An elf zombie (Ossuary)
  6 giant frogs
  Dowan (D:7)
  3 scorpions
  A wyvern skeleton (D:6)
  A water moccasin skeleton (D:10)
  8 wights
  6 howler monkeys
  8 crimson imps
  4 hounds
  2 centaur zombies
  5 jellies
  7 orc wizards
  Crazy Yiuf (D:2)
  A centaur skeleton (D:4)
  9 orc priests
  2 human zombies (Ossuary)
  A giant frog skeleton (D:4)
  4 iguanas
  Ijyb (D:2)
  5 worker ants
  A killer bee zombie (D:6)
  3 hound zombies
  A hound skeleton (D:4)
  A worker ant zombie (D:5)
  2 mummies (Ossuary)
  A howler monkey skeleton (D:5)
  3 gnolls (D:2)
  13 adders
  13 river rats (Lair:1)
  An ooze (D:2)
  An adder skeleton (D:5)
  2 adder zombies (Ossuary)
  2 worms
  2 dart slugs
  2 giant geckos (D:8)
  36 orcs
  9 bats
  4 giant cockroaches
  A gnoll zombie (D:6)
  10 goblins
  12 hobgoblins
  12 jackals
  7 quokkas
  A ball python (D:3)
  A giant cockroach zombie (D:6)
  A giant gecko skeleton (D:5)
  6 giant newts
  4 goblin zombies
  10 hobgoblin zombies (Ossuary)
  2 jackal zombies (Ossuary)
  11 kobolds
  6 kobold zombies (Ossuary)
  8 orc zombies (Ossuary)
  A quokka skeleton (D:4)
  10 rats
  3 rat zombies
  A fungus (Lair:1)
327 creatures vanquished.

Vanquished Creatures (others)
  A slave (D:7)
  An orc (D:8)
  A hobgoblin (D:2)
  A bat (D:2)
  A plant (D:10)
5 creatures vanquished.

Grand Total: 332 creatures vanquished

Notes
Turn   | Place    | Note
--------------------------------------------------------------
     0 | D:1      | Snazznasty the Troll Monk began the quest for the Orb.
     0 | D:1      | Reached XP level 1. HP: 22/22 MP: 0/0
   260 | D:1      | Found a sparkling altar of Nemelex Xobeh.
   284 | D:1      | Reached XP level 2. HP: 29/29 MP: 1/1
   998 | D:2      | Reached XP level 3. HP: 18/36 MP: 2/2
  1139 | D:2      | Noticed Ijyb
  1151 | D:2      | Killed Ijyb
  1151 | D:2      | Reached XP level 4. HP: 38/44 MP: 3/3
  1218 | D:2      | Found a basalt altar of Yredelemnul.
  1223 | D:2      | Found a glowing golden altar of the Shining One.
  1225 | D:2      | Noticed an angel
  1252 | D:2      | Noticed a profane servitor
  1428 | D:2      | Reached skill level 5 in Unarmed Combat
  1602 | D:2      | Noticed Crazy Yiuf
  1609 | D:2      | Killed Crazy Yiuf
  1609 | D:2      | Reached XP level 5. HP: 43/53 MP: 4/4
  2162 | D:3      | Found an iron altar of Okawaru.
  2163 | D:3      | Found a shadowy altar of Dithmenos.
  2164 | D:3      | Found a sacrificial altar of Ru.
  2164 | D:3      | Found a sparkling altar of Nemelex Xobeh.
  2164 | D:3      | Found a burning altar of Makhleb.
  2194 | D:3      | Found a glowing drain.
  2216 | Sewer    | Entered a sewer
  2340 | Sewer    | Noticed Purgy
  2363 | Sewer    | Killed Purgy
  2363 | Sewer    | Reached skill level 1 in Armour
  2494 | D:3      | Reached XP level 6. HP: 61/61 MP: 5/5
  3552 | D:4      | Found a stormy altar of Qazlal.
  3553 | D:4      | Noticed an air elemental
  3556 | D:4      | Noticed a water elemental
  3556 | D:4      | Noticed a fire elemental
  3594 | D:4      | Reached skill level 6 in Unarmed Combat
  3594 | D:4      | Reached XP level 7. HP: 60/67 MP: 6/6
  3622 | D:4      | Found a shattered altar of Ashenzari.
  4138 | D:5      | Entered Level 5 of the Dungeon
  4144 | D:5      | You fall through a shaft for 2 floors!
  4144 | D:7      | Found a staircase to the Ecumenical Temple.
  4158 | Temple   | Entered the Ecumenical Temple
  4357 | D:6      | Found a sand-covered staircase.
  4398 | Ossuary  | Entered an ossuary
  4766 | D:6      | Found a deep blue altar of Sif Muna.
  4769 | D:6      | Reached XP level 8. HP: 78/78 MP: 7/7
  4775 | D:6      | Found a large runed door.
  4777 | D:6      | Found a large runed door.
  4813 | D:6      | Reached skill level 7 in Unarmed Combat
  4824 | D:6      | Got a translucent silver ring
  4827 | D:6      | Identified the ring of Waoluf Bocu {MR+ Int+3} (You found it on level 6 of the Dungeon)
  4848 | D:6      | Noticed Geeful's ghost (novice FoAK)
  4876 | D:6      | Killed Geeful's ghost
  4876 | D:6      | Reached skill level 5 in Dodging
  4963 | D:6      | Found a large runed door.
  4963 | D:6      | Found a large runed door.
  4972 | D:6      | Reached skill level 8 in Unarmed Combat
  5127 | D:5      | Found Looda's Distillery.
  5256 | D:5      | Noticed Edmund
  5264 | D:5      | Killed Edmund
  5264 | D:5      | Reached XP level 9. HP: 75/87 MP: 8/8
  5288 | D:5      | Reached skill level 5 in Fighting
  6158 | D:6      | Reached skill level 9 in Unarmed Combat
  6316 | D:7      | Found a huge runed gate.
  6317 | D:7      | Found a huge runed gate.
  6317 | D:7      | Found a huge runed gate.
  6317 | D:7      | Found a huge runed gate.
  6319 | D:7      | Noticed a griffon
  6412 | D:7      | Found Zaboergha's General Store.
  6612 | D:7      | Noticed Pikel
  6616 | D:7      | Reached skill level 10 in Unarmed Combat
  6638 | D:7      | Killed Pikel
  6757 | D:7      | Noticed Menkaure
  6763 | D:7      | Killed Menkaure
  6763 | D:7      | Reached XP level 10. HP: 52/96 MP: 9/9
  6982 | D:7      | Noticed Duvessa
  6983 | D:7      | Noticed Dowan
  6987 | D:7      | Killed Duvessa
  7000 | D:7      | Killed Dowan
  7086 | D:7      | Reached skill level 11 in Unarmed Combat
  7132 | D:8      | Found a shimmering altar of Xom.
  7134 | D:8      | Noticed an angel
  7134 | D:8      | Noticed Joseph
  7140 | D:8      | Found a glowing silver altar of Zin.
  7146 | D:8      | Killed Joseph
  7146 | D:8      | Reached skill level 5 in Armour
  7629 | D:8      | Noticed Prince Ribbit
  7648 | D:8      | Killed Prince Ribbit
  8264 | D:9      | Reached skill level 12 in Unarmed Combat
  8359 | D:9      | Found Hompuel's Assorted Antiques.
  8366 | D:9      | Found a blossoming altar of Fedhas.
  8393 | D:9      | Bought a scroll of magic mapping for 108 gold pieces
  8393 | D:9      | Bought a scroll labeled DONENAP IKLED for 31 gold pieces
  8393 | D:9      | Bought a scroll labeled YTOS VAASETUNE for 31 gold pieces
  8650 | D:9      | Reached XP level 11. HP: 96/107 MP: 10/10
  8684 | D:9      | HP: 4/107 [orc warrior/tomahawk (9)]
  9085 | D:10     | Entered Level 10 of the Dungeon
  9304 | D:10     | Found a staircase to the Lair.
  9373 | D:10     | Gained mutation: You are weak. (Str -2) [potion of mutation]
  9373 | D:10     | Gained mutation: You are frail (-10% HP). [potion of mutation]
  9373 | D:10     | Gained mutation: You are covered in thick fur (AC +2). [potion of mutation]
  9377 | D:10     | Lost mutation: You are weak. (Str -2) [potion of mutation]
  9377 | D:10     | Gained mutation: You have a pair of small horns on your head. [potion of mutation]
  9377 | D:10     | Gained mutation: Your muscles are strong. (Str +2) [potion of mutation]
  9389 | Lair:1   | Entered Level 1 of the Lair of Beasts
  9552 | Lair:1   | Reached skill level 13 in Unarmed Combat
  9716 | Lair:1   | Noticed a four-headed hydra
  9929 | Lair:1   | HP: 4/96 [seven-headed hydra (9)]
  9929 | Lair:1   | HP: 1/96 [river rat (3)]
  9933 | Lair:1   | Slain by a seven-headed hydra

Vault maps used:
D:1:      lightli_arrival_quake, nemelex_diamond_rough_becter
D:2:      grunt_temple_overflow_holy_war, uniq_crazy_yiuf_cottage, uniq_iyjb
D:3:      grunt_temple_overflow_open, portal_sewer_entry_a, nrook_uturn
D:4:      ashenzari_conservatory_becter, nicolae_qazlal_style_of_elements
D:5:      serial_shops, shop, first_bread, uniq_edmund
D:6:      overflow_temple_1_default, enter_ossuary_3,
          minmay_hollow_rounded_squares
D:7:      lemuel_bear_cage, temple_fountains, serial_shops, shop, uniq_menkaure,
          uniq_pikel, uniq_duvessa
D:8:      grunt_temple_overflow_order_and_chaos_1, uniq_joseph,
          uniq_prince_ribbit1
D:9:      corexii_shack_village, overflow_temple_1_default, serial_corexii_hall,
          corexii_hall_statues_i, corexii_hall_statues_u, serial_shops, shop
D:10:     david_lair_shrubbed
Temple:   nicolae_temple_great_sept
Lair:1:   lab_entry_generic
Sewer:    kennysheep_door_sewer
Ossuary:  ossuary_tomb_1

Skill      XL: |  1  2  3  4  5  6  7  8  9 10 11 |
---------------+----------------------------------+-----
Dodging        | 3 4 5 |  5.7
Unarmed Combat | 5 6 8 10 12 13 | 13.1
Fighting       | 3 4 5 6 |  6.7
Armour         | 1 2 3 4 5 |  5.8
Stealth        | |  1.4
Evocations     | |  0.1

Action                   |  1- 3 |  4- 6 |  7- 9 | 10-12 || total
-------------------------+-------+-------+-------+-------++-------
Melee: Unarmed           |    74 |   167 |   352 |   350 ||   943
Evoke: Deck              |       |       |       |     1 ||     1
  Use: Scroll            |     2 |    12 |     8 |    10 ||    32
       Potion            |       |       |       |     8 ||     8
 Stab: Sleeping          |       |     4 |     1 |       ||     5
  Eat: Fruit             |     4 |       |       |     9 ||    13
       Chunk             |     5 |    22 |    17 |    10 ||    54
       Bread ration      |     2 |       |     1 |     2 ||     5
       Meat ration       |       |       |     1 |       ||     1
       Pizza             |       |       |       |     1 ||     1
